 Dungeon Crawl Stone Soup version 0.21-a0-404-g291f19a (webtiles) character file.

84 Dorkslayer the Skirmisher (level 4, 0/55 HPs)
             Began as a Demonspawn Abyssal Knight on Oct 28, 2017.
             Was a Believer of Lugonu.
             Killed from afar by a white imp (6 damage)
             ... with a puff of frost
             ... summoned by Natasha
             ... on level 2 of the Dungeon.
             The game lasted 00:06:17 (1370 turns).

Dorkslayer the Skirmisher (DsAK)                    Turns: 1370, Time: 00:06:18

Health: 0/55       AC: 22    Str: 12 (13) XL:     4   Next: 24%
Magic:  0/6        EV:  2    Int: 12 (14) God:    Lugonu [**....]
Gold:   103        SH:  0    Dex: 11 (14) Spells: 3/3 levels left

rFire    . . .     SeeInvis .   a - +1 hand axe
rCold    . . .     Gourm    .   (no shield)
rNeg     + + +     Faith    .   (armour currently unavailable)
rPois    +         Spirit   +   (helmet currently unavailable)
rElec    .         Reflect  .   (cloak currently unavailable)
rCorr    .         Harm     .   (gloves currently unavailable)
MR       .....     NoTele   +   (boots currently unavailable)
Stlth    +.........             (no amulet)
HPRegen  0.18/turn              e - +2 ring of dexterity
MPRegen  0.10/turn              (no ring)

@: tree-form, slowed, heavily drained, very slow
A: magic shield
a: Depart the Abyss, Bend Space, Renounce Religion


You were on level 2 of the Dungeon.
You worshipped Lugonu.
Lugonu was pleased with you.
You were not hungry.
You were a tree.
You visited 1 branch of the dungeon, and saw 2 of its levels.
You visited the Abyss 1 time.

You collected 103 gold pieces.

Inventory:

Hand Weapons
 a - a +1 hand axe (weapon)
Missiles
 l - 30 stones
 o - 3 javelins (quivered)
Armour
 b - a +0 leather armour (melded)
Jewellery
 e - a +2 ring of dexterity (left branch)
Scrolls
 d - 2 scrolls of identify {unknown}
 f - 2 scrolls of amnesia {unknown}
 g - a scroll of teleportation {unknown}
 i - 2 scrolls of immolation {unknown}
 j - a scroll of blinking {unknown}
Comestibles
 c - 3 bread rations
 h - 7 chunks of flesh


   Skills:
 + Level 3.9(1.8) Fighting
 + Level 2.4(0.4) Axes
 * Level 0.3(0.0) Throwing
 + Level 2.0(0.0) Armour
 * Level 1.5(0.0) Dodging
 - Level 0.1(0.0) Stealth
 * Level 3.1(1.1) Invocations


You had 3 spell levels left.
You didn't know any spells.

Dungeon Overview and Level Annotations

Branches:
Dungeon (2/15)

Altars:

Annotations:
D:2 Natasha


Innate Abilities, Weirdness & Mutations

((You are partially covered in slimy green scales. (AC +2)))
((Your flesh is heat resistant. (rF+)))
When hurt, damage is shared between your health and your magic reserves.


Message History

You slash Natasha!
Natasha is almost dead.
You hit the iron imp. You hit the white imp. The iron imp barely misses you.
Natasha claws you but does no damage.
The white imp shouts, "Away with thee, thou beslubbering tardy-gaited slime mould!"
The white imp hits you but does no damage.
You miss Natasha.
Natasha is almost dead.
You barely miss the iron imp. You hit the white imp.
Natasha casts a spell at you.
You feel yourself slow down.
The iron imp hits you but does no damage.
The white imp hits you but does no damage.
You closely miss Natasha.
Natasha is almost dead.
You hit the iron imp but do no damage. You barely miss the white imp.
Natasha claws you but does no damage. The white imp gestures at you.
The puff of frost hits you!
You die...

.......(......
...>..........
#.............
#............. #......
#..)..........
#......##.............
#......#..............
#......#.....5h5.........
#......#......♣..........
#......#.................
#........................
#...........######....<..
####........# .......
+......<.######.......
#........##...........
#).......##....#######
#...))....+....# .


You could see an iron imp, Natasha and a white imp.

Vanquished Creatures
  Terence (D:2)
  An adder (D:2)
  An ooze (D:1)
  A dart slug (D:1)
  A leopard gecko (D:2)
  6 bats
  3 goblins
  7 hobgoblins (D:1)
  8 jackals
  A quokka (D:2)
  2 frilled lizards
  4 kobolds
  4 rats
40 creatures vanquished.

Notes
Turn   | Place    | Note
-------+----------+-------------------------------------------
     0 | Abyss:1  | Dorkslayer the Demonspawn Abyssal Knight began the quest for the Orb.
     0 | Abyss:1  | Reached XP level 1. HP: 18/18 MP: 2/2
    67 | Abyss:1  | Noticed a large abomination
    68 | D:1      | Escaped the Abyss
   344 | D:1      | Reached * piety under Lugonu
   344 | D:1      | Gained mutation: When hurt, damage is shared between your health and your magic reserves. [demonic ancestry]
   344 | D:1      | Reached XP level 2. HP: 18/24 MP: 4/4
   727 | D:1      | Reached skill level 1 in Dodging
   737 | D:1      | Gained mutation: You are partially covered in slimy green scales. (AC +2) [demonic ancestry]
   737 | D:1      | Reached XP level 3. HP: 20/30 MP: 3/5
  1268 | D:2      | Reached ** piety under Lugonu
  1307 | D:2      | Noticed Terence
  1327 | D:2      | Killed Terence
  1327 | D:2      | Gained mutation: Your flesh is heat resistant. (rF+) [demonic ancestry]
  1327 | D:2      | Reached XP level 4. HP: 16/37 MP: 2/6
  1349 | D:2      | Noticed Natasha
  1370 | D:2      | Killed from afar by a white imp

Vault maps used:
D:1:      lightli_arrival_isolated_outpost, serial_forest,
          infiniplex_forest_clump_curved, infiniplex_forest_lined_2,
          infiniplex_forest_clump_tiny, infiniplex_forest_straight_3,
          infiniplex_forest_side_room, infiniplex_forest_straight_5,
          infiniplex_forest_clump_small
D:2:      first_bread, uniq_natasha, uniq_sigmund, uniq_terence
Abyss:1:  minivault_19

Skill      XL: |  1  2  3 |
---------------+----------+-----
Dodging        | 1 |  1.5
Axes           | 2 |  2.4
Invocations    | 3 |  3.1
Armour         | 2 |  2.0
Fighting       | |  3.9
Throwing       | |  0.3
Stealth        | |  0.1

Action                   |  1- 3 |  4- 6 || total
-------------------------+-------+-------++-------
Melee: Hand axe          |   141 |    10 ||   151
Throw: Javelin           |     2 |       ||     2
Invok: Depart the Abyss  |     1 |       ||     1
  Use: Potion            |     2 |     2 ||     4
  Eat: Chunk             |     1 |     1 ||     2
Armor: Leather armour    |    48 |       ||    48
       Skin              |       |    22 ||    22
Dodge: Dodged            |    94 |     3 ||    97

Table legend:
 A = Spawn XP
 B = Non-spawn XP
 C = Spawn XP percentage of total XP
 D = Spawn monster count
 E = Non-spawn monster count
 F = Spawn count percentage of total count
 G = Total turns spent on level
                    A         B        C        D         E        F      G
               +---------+---------+-------+---------+---------+-------+---------
         Total |       0 |     121 |   0.0 |       0 |      40 |   0.0 |  1370
               +---------+---------+-------+---------+---------+-------+---------
           D:1 |       0 |      46 |   0.0 |       0 |      23 |   0.0 |  1007
           D:2 |       0 |      75 |   0.0 |       0 |      17 |   0.0 |   295
               +---------+---------+-------+---------+---------+-------+---------
